Map: Arctic Dream LE

Players

ßaha

  • Race: Protoss Protoss
  • League: Diamond
  • Spawn Location: 6:00

KingOfNoob

  • Race: Terran Terran
  • League: Diamond
  • Spawn Location: 5:00

Massa - Winner!

  • Race: Terran Terran
  • League: Platinum
  • Spawn Location: 12:00

qqq - Winner!

  • Race: Zerg Zerg
  • League: Platinum
  • Spawn Location: 11:00

VOD

Have the link to the VOD?

Description

Time

  • Played on: Jan. 7, 2021, 2:34 p.m.
  • Length: 14:15
Show
View Real Time Build Order
Export as new Build Order

ßaha Protoss 

Build Orders:  

Get SALT Encoding   

  12  0:00  Probe  
  13  0:12  Probe  
  14  0:20  Pylon  
  14  0:24  Probe  
  15  0:38  Probe  
  16  0:46  Gateway  
  16  0:50  Probe  
  16  0:54  Assimilator  
  17  1:01  Assimilator  
  17  1:02  Probe  
  17  1:15  Probe  
  18  1:27  Probe (Chrono Boost)  
  19  1:35  Zealot  
  19  1:36  Probe (Chrono Boost)  
  19  1:37  Cybernetics Core  
  22  1:41  Probe (Chrono Boost)  
  23  2:02  Pylon  
  23  2:11  Nexus  
  23  2:22  Stalker (Chrono Boost)  
  25  2:34  Stargate  
  25  2:49  Stalker (Chrono Boost)  
  25  2:50  Pylon  
  27  3:10  Stalker (Chrono Boost)  
  29  3:21  Shield Battery  
  29  3:22  Void Ray (Chrono Boost)  
  31  3:36  Pylon  
  30  3:55  Pylon  
  25  4:16  Probe  
  26  4:26  Pylon x2  
  9  4:58  Probe x2  
  5  5:17  Probe (Chrono Boost)  
  5  5:54  Nexus  
Show
View Real Time Build Order
Export as new Build Order

KingOfNoob Terran 

Build Orders: Liberator Opening 

Get SALT Encoding   

  12  0:00  SCV  
  13  0:12  SCV  
  14  0:20  Supply Depot  
  14  0:25  SCV  
  15  0:42  SCV  
  16  0:44  Barracks  
  16  0:54  SCV  
  16  0:56  Supply Depot  
  17  1:06  Refinery, SCV  
  18  1:18  SCV  
  19  1:26  Refinery  
  19  1:35  Marine  
  20  1:42  Orbital Command  
  20  1:53  Marine  
  21  2:11  Marine  
  21  2:12  SCV  
  23  2:17  Command Center  
  23  2:20  Factory  
  23  2:24  SCV  
  23  2:29  Marine  
  24  2:36  SCV  
  26  2:47  Marine  
  26  2:48  SCV  
  28  3:06  Starport  
  28  3:09  Starport  
  27  3:18  Marine  
  28  3:21  Factory Tech Lab  
  28  3:29  SCV  
  29  3:36  Marine  
  29  3:41  SCV  
  29  3:46  Liberator  
  30  3:53  SCV  
  30  3:54  Hellion, Marine  
  34  3:55  Starport Tech Lab  
  34  4:12  Marine  
  34  4:15  Hellion  
  35  4:20  Liberator  
  38  4:27  SCV  
  38  4:30  Marine  
  40  4:43  Orbital Command  
  40  4:47  Marine  
  41  5:08  SCV  
  41  5:13  Siege Tank  
  45  5:16  Starport Tech Lab  
  45  5:20  SCV  
  46  5:25  Fusion Core  
  46  5:31  Starport  
  46  5:35  Supply Depot  
  46  5:38  Supply Depot  
  46  5:57  SCV x2, Supply Depot  
  48  6:08  Starport Tech Lab  
  48  6:09  SCV x2  
  50  6:21  SCV x2  
  50  6:24  Battlecruiser  
  58  6:28  Refinery  
  58  6:32  Refinery  
  58  7:10  Battlecruiser  
  64  7:16  SCV  
  65  7:25  Siege Tank  
  65  7:28  SCV  
  69  7:40  SCV  
  69  7:41  Weapon Refit  
  70  8:12  SCV  
  71  8:17  Command Center  
  71  8:22  SCV, Command Center  
  71  8:24  SCV  
  71  8:25  Battlecruiser  
  76  8:35  Viking x2  
  76  8:36  SCV  
  76  8:40  Marine  
  82  8:51  Armory  
  82  8:58  Marine  
  83  9:05  Viking  
  83  9:09  Viking  
  87  9:29  SCV  
  87  9:30  Battlecruiser  
  94  9:37  Supply Depot  
  94  9:43  SCV  
  95  9:45  Orbital Command  
  95  9:50  Battlecruiser  
  95  9:55  SCV  
  92  10:26  SCV  
  93  10:34  Terran Ship Weapons Level 1  
  90  10:38  SCV  
  90  10:39  Battlecruiser  
  90  10:41  Battlecruiser  
  103  10:50  SCV  
  103  10:54  Refinery  
  103  10:55  Refinery  
  104  11:00  Battlecruiser  
  104  11:02  SCV  
  104  11:03  Siege Tank  
  114  11:09  Marine  
  104  11:26  Marine  
  100  11:44  Marine  
  100  11:46  Orbital Command  
  101  11:52  Battlecruiser  
  101  11:53  Battlecruiser  
  113  12:02  Marine  
  114  12:09  Hellion  
  116  12:20  Marine  
  117  12:26  Command Center  
  117  12:30  Refinery  
  117  12:34  Refinery  
  117  12:38  Refinery, Supply Depot  
  117  12:39  SCV, Marine  
  117  12:40  Hellion, Supply Depot  
  115  12:45  Refinery  
  115  12:52  SCV  
  115  12:57  Marine  
  101  13:01  Hellion  
  101  13:04  SCV  
  86  13:15  Marine  
  86  13:16  SCV  
  94  13:23  Hellion  
  84  13:29  SCV  
  85  13:41  SCV  
  86  13:45  Bunker x2  
  92  13:53  SCV x2  
Show
View Real Time Build Order
Export as new Build Order

Massa Terran - Winner!

Build Orders:  

Get SALT Encoding   

  12  0:00  SCV  
  13  0:12  SCV  
  14  0:18  Supply Depot  
  14  0:24  SCV  
  15  0:41  SCV  
  16  0:44  Refinery  
  16  0:54  SCV  
  17  1:06  SCV  
  17  1:07  Supply Depot  
  17  1:10  Supply Depot  
  18  1:16  Barracks  
  18  1:24  Barracks  
  18  1:32  SCV  
  19  1:44  SCV  
  20  1:56  SCV  
  21  2:02  Barracks Tech Lab  
  21  2:11  Barracks Tech Lab  
  21  2:15  Barracks  
  21  2:17  Orbital Command  
  21  2:22  Marauder  
  23  2:26  Concussive Shells  
  23  2:29  Marauder  
  25  2:46  Marauder  
  25  2:51  Marauder  
  29  3:07  Marauder  
  29  3:08  Reaper  
  29  3:12  Marauder  
  26  3:44  Marauder x2, Marine  
  31  3:55  Command Center  
  31  4:02  Marine  
  31  4:05  Marauder x2  
  34  4:20  Marine  
  33  4:26  Marine  
  33  4:27  Marauder  
  36  4:33  Stimpack  
  36  4:39  Engineering Bay  
  36  4:40  Refinery, Marine  
  36  4:58  Marine  
  33  5:07  Marauder x2  
  33  5:14  Orbital Command  
  33  5:16  SCV  
  34  5:22  Missile Turret  
  36  5:28  SCV, Marauder  
  36  5:29  Marauder  
  36  5:32  Marine  
  40  5:39  Refinery  
  40  5:41  SCV  
  40  5:42  SCV  
  44  5:50  Marauder x2  
  44  5:53  SCV  
  44  5:54  SCV  
  48  6:06  Barracks Reactor  
  48  6:11  Marauder, Marine  
  50  6:29  Marine  
  50  6:32  Marine  
  52  6:46  Marine  
  51  6:50  Marine  
  51  7:04  Marine  
  51  7:08  Marine  
  47  7:25  SCV  
  47  7:26  SCV  
  47  7:29  Marine  
  47  7:30  Marine  
  47  7:34  Factory  
  47  7:35  Factory  
  49  7:37  SCV  
  49  7:38  SCV  
  49  7:40  Barracks  
  49  7:43  Barracks  
  50  7:47  Marine  
  50  7:48  Marine  
  50  7:50  SCV x2  
  51  8:02  SCV  
  51  8:05  Marine x2  
  54  8:26  Missile Turret  
  54  8:29  Missile Turret  
  54  8:30  Factory Tech Lab x2  
  54  8:33  Barracks Reactor, Barracks Tech Lab  
  54  8:41  Supply Depot  
  54  8:42  Marine, Supply Depot x2  
  54  8:46  Marine  
  49  8:56  Marine  
  49  8:59  Marine  
  51  9:04  Marine  
  52  9:14  Marine  
  53  9:17  Marine  
  53  9:22  Supply Depot x2  
  53  9:23  Supply Depot x2  
  54  9:24  Supply Depot  
  54  9:26  Supply Depot  
  54  9:30  Command Center  
  54  9:31  Command Center  
  54  9:44  Cyclone x2  
  60  9:45  Marine x2  
  60  9:46  Marine x5  
  60  9:47  Combat Shield  
  67  10:32  SCV x2  
  69  10:41  Planetary Fortress  
  69  10:44  SCV  
  69  10:45  SCV  
  69  10:46  Missile Turret  
  71  10:56  SCV  
  72  11:00  Marine x3  
  72  11:01  Marine x4  
  72  11:03  Siege Tank  
  82  11:05  Cyclone  
  82  11:08  SCV  
  82  11:09  SCV  
  87  11:13  Planetary Fortress  
  87  11:39  Terran Infantry Weapons Level 1  
  87  11:42  Armory  
  87  11:44  Engineering Bay  
  87  11:47  Sensor Tower  
  87  11:49  Missile Turret  
  87  11:56  Starport  
  87  12:02  Starport  
  87  12:03  SCV  
  87  12:05  SCV x3  
  91  12:15  SCV  
  92  12:17  SCV x3  
  95  12:27  SCV  
  96  12:39  SCV  
  97  12:51  SCV  
  88  13:05  Starport Tech Lab, Starport Reactor  
  58  13:51  Missile Turret  
  58  13:52  Missile Turret  
  58  13:54  Marauder, Missile Turret  
  58  13:55  Barracks Tech Lab x2, Marine  
  60  13:56  Marine x3  
Show
View Real Time Build Order
Export as new Build Order

qqq Zerg - Winner!

Build Orders: Hatch First 

Get SALT Encoding   

  12  0:01  Drone  
  13  0:15  Drone  
  13  0:18  Overlord  
  14  0:45  Hatchery  
  14  0:48  Drone  
  14  1:01  Drone x2  
  14  1:03  Drone  
  17  1:29  Extractor  
  17  1:31  Spawning Pool  
  17  1:32  Drone x2, Extractor  
  16  1:39  Drone  
  18  1:47  Extractor  
  18  1:58  Drone x2  
  20  2:02  Drone  
  21  2:10  Drone  
  21  2:12  Overlord  
  22  2:18  Queen  
  22  2:19  Queen  
  22  2:20  Drone  
  27  2:23  Zergling x2  
  28  2:33  Zergling x2  
  28  2:34  Zergling x2  
  30  2:39  Metabolic Boost  
  30  2:42  Zergling x2  
  31  2:45  Drone  
  31  2:50  Overlord  
  33  2:51  Zergling x2  
  33  3:03  Zergling x2  
  33  3:04  Zergling x2  
  35  3:10  Zergling x2  
  36  3:16  Zergling x2  
  37  3:23  Zergling x2  
  38  3:28  Zergling x6  
  38  3:29  Zergling x4  
  38  3:30  Zergling x2  
  42  3:43  Zergling x2  
  42  3:44  Zergling x2, Overlord  
  44  3:49  Overlord  
  43  3:57  Zergling x2  
  43  4:00  Overlord x2  
  41  4:23  Zergling x6  
  41  4:24  Zergling x2  
  45  4:37  Zergling x6  
  45  4:38  Zergling x4, Overlord x2  
  48  4:52  Zergling x4  
  49  4:53  Zergling x2  
  50  5:06  Zergling x4  
  54  5:07  Zergling x4, Overlord  
  54  5:08  Overlord  
  54  5:09  Lair  
  53  5:16  Overlord  
  51  5:22  Spore Crawler  
  48  5:33  Zergling x2  
  48  5:34  Zergling x6  
  51  5:58  Drone  
  51  5:59  Drone  
  53  6:17  Hatchery  
  52  6:22  Spire  
  51  6:26  Hatchery, Drone x2  
  51  6:27  Drone  
  51  6:28  Drone x2  
  51  6:32  Extractor  
  55  6:47  Drone  
  55  6:48  Drone x4  
  59  7:07  Drone x2, Overlord  
  61  7:08  Drone  
  61  7:09  Drone x2  
  64  7:16  Extractor  
  64  7:17  Extractor  
  62  7:26  Drone  
  62  7:27  Infestation Pit  
  62  7:28  Overlord x3  
  62  7:32  Drone x3  
  62  7:33  Drone  
  62  7:34  Queen  
  68  7:37  Mutalisk  
  68  7:38  Mutalisk  
  68  7:41  Mutalisk  
  74  7:45  Zerg Flyer Weapons Level 1  
  74  7:50  Mutalisk  
  76  7:51  Drone  
  76  7:52  Drone  
  78  8:08  Drone  
  78  8:09  Drone x5, Baneling Nest  
  83  8:18  Drone  
  84  8:23  Corruptor  
  86  8:29  Spore Crawler  
  86  8:32  Spore Crawler  
  84  8:35  Spore Crawler  
  84  8:36  Hive  
  84  8:37  Spore Crawler  
  84  8:38  Corruptor  
  84  8:41  Drone x2  
  84  8:42  Drone  
  84  8:46  Spore Crawler  
  86  8:52  Spore Crawler  
  86  8:53  Drone  
  86  8:54  Drone x2  
  86  8:55  Drone  
  86  9:12  Corruptor x3  
  82  9:27  Corruptor x2  
  86  9:35  Spore Crawler  
  85  9:40  Spore Crawler  
  85  9:41  Corruptor  
  85  9:42  Spore Crawler  
  85  9:44  Queen  
  82  9:53  Corruptor  
  84  10:11  Baneling x8  
  84  10:13  Drone x7  
  84  10:14  Drone x6  
  94  10:17  Extractor  
  94  10:19  Extractor  
  95  10:22  Drone x2  
  95  10:23  Drone  
  95  10:26  Extractor  
  95  10:27  Extractor  
  95  10:28  Baneling x2  
  96  10:29  Baneling x2  
  96  10:34  Drone x2  
  98  10:39  Viper  
  101  10:43  Drone  
  101  10:44  Drone  
  101  10:47  Baneling x4  
  103  10:55  Mutalisk  
  103  10:57  Drone x3  
  108  11:13  Spore Crawler  
  108  11:14  Spore Crawler  
  104  11:28  Corruptor x4  
  104  11:29  Corruptor  
  104  11:31  Drone x6  
  119  11:46  Corruptor x2  
  119  12:02  Overlord x4  
  119  12:03  Overlord x3  
  96  12:23  Corruptor x2  
  96  12:24  Corruptor x4  
  96  12:25  Corruptor  
  96  12:26  Drone  
  110  12:32  Spore Crawler  
  110  12:33  Spore Crawler  
  110  12:34  Spore Crawler  
  107  12:48  Hatchery  
  77  12:59  Zergling x4  
  77  13:00  Zergling x8  
  77  13:01  Drone  
  77  13:02  Drone x2  
  79  13:19  Corruptor x2  
  81  13:20  Zergling x2  
  82  13:36  Corruptor  
  82  13:40  Drone x2  
  86  13:42  Hatchery  
  85  13:53  Hatchery  
  84  14:02  Spire  
  83  14:04  Spore Crawler  
Tags
 
Add a new tag
Caveats
  • Supply blocks, unpowered buildings, or Contaminate may cause inaccurate times.
  • Supply counts are checked every 10 seconds.